 Dungeon Crawl Stone Soup version 0.32-a0-913-g739538afd8 (webtiles) character file.

Game seed: 11376209851705525407

42 bronco the Chopper (level 3, 0/31 HPs)
             Began as a Mountain Dwarf Monk on Apr 8, 2024.
             Succumbed to an adder's poison
             ... on level 2 of the Dungeon.
             The game lasted 00:01:39 (1175 turns).

bronco the Chopper (Mountain Dwarf Monk)            Turns: 1175, Time: 00:01:39

Health: 0/31       AC:  0    Str: 13    XL:     3   Next: 35%
Magic:  6/6        EV: 11    Int: 12    God:
Gold:   44         SH:  0    Dex: 12    Spells: 7/7 levels left

rFire   . . .        g - +0 whip (vamp)
rCold   . . .        d - orb {light}
rNeg    . . .        (no body armour)
rPois   .            (no helmet)
rElec   .            (no cloak)
rCorr   .            (no gloves)
SInv    .            (no boots)
Will    .....        (no amulet)
Stlth   +            (no ring)
HPRegen 0.25/turn    (no ring)
MPRegen 0.10/turn

%: no passive effects
@: lethally poisoned (0 -> -6), glowing
A: runic magic, artefact enchanting
a: no special abilities


You were on level 2 of the Dungeon.
You visited 1 branch of the dungeon, and saw 2 of its levels.

You collected 44 gold pieces.

Inventory:

Hand Weapons
 a - a +0 hand axe
 g - a +0 vampiric whip (weapon)
Missiles
 e - 6 curare-tipped darts (quivered)
 f - 4 stones
Armour
 b - a +0 robe
 d - an orb of light (worn)
 k - a +0 ring mail
Scrolls
 j - a scroll of enchant weapon {unknown}
Potions
 h - a potion of enlightenment {unknown}
 i - a potion of lignification {unknown}


   Skills:
 - Level 3.2 Fighting
 - Level 3.6 Axes
 - Level 2.1 Dodging
 + Level 2.5 Spellcasting


You had 7 spell levels left.
You didn't know any spells.
Your spell library was empty.

Dungeon Overview and Level Annotations

Branches:
Dungeon (2/15)

Altars:


Innate Abilities, Weirdness & Mutations

Your spellcasting is much less encumbered by armour.
You can use scrolls of enchantment on lesser artefacts.


Message History

The dart slug launches a dart at you. The slug dart hits you.
* * * LOW HITPOINT WARNING * * *
The adder barely misses you.
You are confused.
You feel invigorated.
You feel sick. The adder bites you.
* * * LOW HITPOINT WARNING * * *
You are more poisoned.
The adder poisons you! The dart slug closely misses you.
You're too confused to attack without stumbling around!
You're too confused to attack without stumbling around!
You barely miss the adder.
The adder is severely wounded.
You feel sick. The adder bites you.
* * * LOW HITPOINT WARNING * * *
You are lethally poisoned!
The adder poisons you! The dart slug launches a dart at you.
The slug dart hits you.
* * * LOW HITPOINT WARNING * * *
Unknown command.
You closely miss the adder.
The adder is severely wounded.
You feel less invigorated.
You feel less confused.
* * * LOW HITPOINT WARNING * * *
You feel sick. The adder barely misses you. The adder bites you.
* * * LOW HITPOINT WARNING * * *
Unknown command.
You hit the dart slug.
The dart slug is moderately wounded.
* * * LOW HITPOINT WARNING * * *
You feel sick. The dart slug launches a dart at you. The slug dart misses you.
The adder barely misses you.
Unknown command.
Unknown command.
You hit the adder.
The adder is almost dead.
You die...

.............########..
#...........+.........
#...........###...##..
#...........###...##..
..#>............'....#..
...<....#########.......
...####.#########...#...
...##..........#######..
.......@.......# #..
####..Sw.......# #..
#.......####### #..
###.#.### ### .....
...... ....?.. ......#


You could see an adder and a dart slug.

Vanquished Creatures
  An adder (D:2)
  3 ribbon worms (D:2)
  An endoplasm (D:1)
  2 giant cockroaches (D:1)
  4 goblins
  2 hobgoblins
  A quokka (D:1)
  3 ball pythons (D:2)
  4 bats
  2 frilled lizards (D:1)
  2 kobolds (D:1)
  A rat (D:1)
26 creatures vanquished.

Notes
Turn   | Place    | Note
-------+----------+-------------------------------------------
     0 | D:1      | bronco the Mountain Dwarf Monk began the quest for the Orb.
     0 | D:1      | Reached XP level 1. HP: 19/19 MP: 1/1
   168 | D:1      | Reached skill level 1 in Spellcasting
   213 | D:1      | Reached XP level 2. HP: 26/26 MP: 3/3
   887 | D:2      | Reached XP level 3. HP: 14/31 MP: 4/6
  1175 | D:2      | Succumbed to an adder's poison

Illustrated notes

Levels and vault maps discovered:
D:1:      dpeg_arrival_fog, layout_loops_ring
D:2:      minmay_inner_zag, layout_basic, basic_altar

Skill      XL: |  1  2 |
---------------+-------+-----
Spellcasting   | 1 2 |  2.5
Fighting       | |  3.2
Axes           | |  3.6
Dodging        | |  2.1

Action                     || total
---------------------------++-------
  Melee: Hand axe          ||    16
         Whip              ||   101
    Use: Potion            ||     1
 Armour: Robe              ||    57
         Skin              ||    13
  Dodge: Dodged            ||    71

Table legend: (Time is in decaauts)
 A = Elapsed time spent in this place.
 B = Non-inter-level travel time spent in this place.
 C = Inter-level travel time spent in this place.
 D = Time resting spent in this place.
 E = Time spent auto-exploring this place.
 F = Levels seen in this place.
 G = Mean time per level.
                   A        B        C        D        E       F      G
               +--------+--------+--------+--------+--------+-----+--------+
         Total |   1175 |   1154 |     21 |     46 |    843 |   2 |  587.5 |
       Dungeon |   1175 |   1154 |     21 |     46 |    843 |   2 |  587.5 |
               +--------+--------+--------+--------+--------+-----+--------+

Top non-repeatable levels by time:
     D:1: 760 daAuts
     D:2: 415 daAuts
